 Dungeon Crawl Stone Soup version 0.32-a0-468-g38b2580 (webtiles) character file.

Game seed: 4424066548566518063

2492 Remcycle the Spear-Bearer (level 9, -8/65 HPs)
             Began as a Merfolk Gladiator on Feb 24, 2024.
             Was a Believer of Okawaru.
             Mangled by an ogre
             ... wielding a +0 giant club
              (15 damage)
             ... on level 7 of the Dungeon.
             The game lasted 00:15:09 (6419 turns).

Remcycle the Spear-Bearer (Merfolk Gladiator)       Turns: 6419, Time: 00:15:10

Health: -8/65      AC: -1    Str: 19    XL:     9   Next: 52%
Magic:  9/9        EV:  7    Int:  7    God:    Okawaru [**....]
Gold:   209        SH:  0    Dex: 15    Spells: 8/8 levels left

rFire   . . .        g - +2 spear (venom)
rCold   . . .        (no shield)
rNeg    . . .        z - +0 plate armour
rPois   .            c - +1 helmet
rElec   .            (no cloak)
rCorr   .            r - +0 pair of gloves
SInv    .            (no boots)
Will    .....        (no amulet) Stlth
                     (no ring)
HPRegen 0.30/turn    (no ring)
MPRegen 0.11/turn

%: no passive effects
@: corroded
A: (nimble swimmer 2), mertail
a: Renounce Religion, Heroism


You were on level 7 of the Dungeon.
You worshipped Okawaru.
Okawaru was pleased with you.
You visited 2 branches of the dungeon, and saw 8 of its levels.

You collected 297 gold pieces.
You spent 88 gold pieces at shops.

Inventory:

Hand Weapons
 g - a +2 spear of venom (weapon)
Missiles
 d - 3 throwing nets (quivered)
 e - 7 javelins
Armour
 c - a +1 helmet (worn)
 r - a +0 pair of gloves (worn)
 z - a +0 plate armour (worn)
Jewellery
 j - a ring of protection from fire
Wands
 p - a wand of mindburst (11)
 t - a wand of flame (45)
 y - a wand of digging (12)
Scrolls
 a - a scroll of fear {unknown}
 q - 2 scrolls of brand weapon
 u - a scroll of enchant armour
 v - a scroll of teleportation
Potions
 f - 2 potions of mutation
 i - 2 potions of berserk rage
 l - a potion of lignification
 m - 3 potions of curing
 n - a potion of brilliance
 o - 3 potions of invisibility
 w - a potion of resistance


   Skills:
 + Level 4.0 Fighting
 + Level 14.5 Polearms
 + Level 3.5 Throwing
 + Level 2.0 Armour
 + Level 5.7 Dodging


You had 8 spell levels left.
You didn't know any spells.
Your spell library contained the following spells:

 Spells                   Type           Power      Damage    Failure   Level
 Necrotise                Necr           0%         1d4       100%        1
 Frozen Ramparts          Ice            0%         1d1       100%        3
 Inner Flame              Hex/Fire       0%         N/A       100%        3
 Vampiric Draining        Necr           0%         2d6       100%        3
 Flame Wave               Conj/Fire      0%         2d4       100%        4
 Leda's Liquefaction      Alch/Erth      0%         N/A       100%        4
 Petrify                  Alch/Erth      0%         N/A       100%        4
 Sticky Flame             Fire/Alch      0%         2d4       100%        4
 Curse of Agony           Necr           0%         N/A       100%        5
 Metabolic Englaciation   Hex/Ice        0%         N/A       100%        5
 Martyr's Knell           Necr/Summ      Unusable   N/A       N/A         4

Dungeon Overview and Level Annotations

Branches:
Dungeon (7/15)             Temple (1/1) D:4

Altars:
Dithmenos
Elyvilon
Gozag
Hepliaklqana
Kikubaaqudgha
Makhleb
Nemelex Xobeh
Okawaru
Qazlal
Ru
Sif Muna
Trog
Uskayaw
Vehumet
Xom
Yredelemnul
Zin

Shops:
D:6 (:?


Innate Abilities, Weirdness & Mutations

((You are very nimble when in or above water. (Stealth+, EV+, Speed+++)))
Your lower body shifts to a powerful aquatic tail in water.


Message History

* * * LOW HITPOINT WARNING * * *
You hit something but do no damage. You hit something but do no damage.
Okawaru accepts your kill.
Reactivating autopickup.
You feel a bit more experienced.
You hit the orc wizard but do no damage.
The orc wizard is poisoned.
You hit the orc wizard but do no damage.
The orc wizard looks as sick as possible!
The orc wizard hits you with a +0 dagger.
* * * LOW HITPOINT WARNING * * *
You hit the orc wizard but do no damage.
The orc wizard looks as sick as possible!
The orc wizard is lightly wounded.
You hit the orc wizard but do no damage.
The orc wizard is lightly wounded.
The orc wizard hits you with a +0 dagger.
* * * LOW HITPOINT WARNING * * *
You hit the orc wizard.
The orc wizard looks as sick as possible!
The orc wizard is heavily wounded.
You feel much better.
The orc wizard points at you and mumbles some strange words.
The puff of flame hits you! The ogre barely misses you.
You hit the orc wizard.
You kill the orc wizard!
Okawaru accepts your kill.
You hit the ogre but do no damage. You hit the ogre but do no damage.
The ogre is poisoned.
The ogre hits you with a +0 giant club!!
* * * LOW HITPOINT WARNING * * *
You hit the ogre.
The ogre looks as sick as possible!
The ogre is lightly wounded.
You barely miss the ogre.
The ogre is lightly wounded.
You hit the ogre.
The ogre looks as sick as possible!
The ogre is moderately wounded.
The ogre hits you with a +0 giant club!
You die...

#. #.. #.. .. #### #.#+### ...
#.. # # #......
.....######.#######.# #......
............##.)@O..# ##......
...##.......##.####..#####.......
##..........##.#............#...#
...............#.#......###...#.#
...........##### #.####.###.###.#
...........# #.<...###.#
...........# #.......#..
...........# #.......# #
...........#### #.####.......#


You could see an ogre (extremely poisoned).

Vanquished Creatures
  A two-headed ogre (D:6)
  3 black bears
  An ogre (D:4)
  A centaur (D:6)
  4 phantoms
  5 scorpions
  2 bombardier beetles (D:5)
  5 hounds
  3 orc priests
  3 jellies
  A gnoll bouda (D:5)
  3 iguanas
  7 orc wizards
  Robin (D:2)
  3 gnolls (D:5)
  5 adders
  A white imp (D:5)
  2 ufetubi (D:6)
  3 ribbon worms
  3 dart slugs
  9 orcs
  3 ball pythons
  7 endoplasms
  8 giant cockroaches
  17 goblins
  7 hobgoblins
  10 jackals
  3 quokkas
  2 bats (D:2)
  A frilled lizard (D:1)
  4 kobolds
  6 rats
134 creatures vanquished.

Notes
Turn   | Place    | Note
-------+----------+-------------------------------------------
     0 | D:1      | Remcycle the Merfolk Gladiator began the quest for the Orb.
     0 | D:1      | Reached XP level 1. HP: 16/16 MP: 1/1
   147 | D:1      | Reached XP level 2. HP: 22/22 MP: 2/2
   192 | D:1      | Reached skill level 5 in Polearms
   432 | D:1      | Reached XP level 3. HP: 27/27 MP: 3/3
   910 | D:2      | Noticed Robin
   944 | D:2      | Killed Robin
   945 | D:2      | Reached skill level 6 in Polearms
  1061 | D:2      | Reached XP level 4. HP: 28/33 MP: 4/4
  1506 | D:2      | Found a faded altar of an unknown god.
  1975 | D:3      | Found a sparkling altar of Nemelex Xobeh.
  2190 | D:3      | Reached skill level 7 in Polearms
  2251 | D:3      | Found a burning altar of Makhleb.
  2528 | D:4      | Noticed a phantom
  2543 | D:4      | Killed a phantom
  2544 | D:4      | Reached skill level 8 in Polearms
  2544 | D:4      | Reached XP level 5. HP: 19/38 MP: 5/5
  2808 | D:4      | Reached XP level 6. HP: 40/44 MP: 6/6
  2879 | D:4      | Reached skill level 9 in Polearms
  3126 | D:4      | Reached skill level 10 in Polearms
  3178 | D:4      | Identified the +2 battleaxe of Maoshura {flame, Dex+6}
  3231 | D:4      | Noticed a black bear
  3248 | D:4      | Killed a black bear
  3249 | D:4      | Reached XP level 7. HP: 34/50 MP: 7/7
  3564 | D:4      | Found a staircase to the Ecumenical Temple.
  3725 | Temple   | Found a transporter.
  3725 | Temple   | Found a transporter.
  3725 | Temple   | Found a transporter.
  3725 | Temple   | Found a transporter.
  3725 | Temple   | Entered the Ecumenical Temple
  3744 | Temple   | Became a worshipper of Warmaster Okawaru
  3794 | D:5      | Entered Level 5 of the Dungeon
  3996 | D:5      | Reached skill level 11 in Polearms
  4314 | D:5      | Reached skill level 12 in Polearms
  4314 | D:5      | Reached XP level 8. HP: 47/56 MP: 8/8
  4470 | D:5      | Reached * piety under Okawaru
  4471 | D:5      | Reached skill level 13 in Polearms
  4887 | D:6      | Reached skill level 14 in Polearms
  5238 | D:6      | Found Nijo Cogg's Antique Weapon Shop.
  5244 | D:6      | Reached skill level 1 in Armour
  5244 | D:6      | Reached XP level 9. HP: 54/62 MP: 9/9
  5295 | D:6      | Noticed a two-headed ogre
  5318 | D:6      | Killed a two-headed ogre
  5318 | D:6      | Reached ** piety under Okawaru
  5319 | D:6      | Reached skill level 5 in Dodging
  5510 | D:6      | Found Heorgheef's Book Boutique.
  5510 | D:6      | Noticed a walking crystal tome
  5512 | D:6      | Noticed a walking divine tome
  5647 | D:6      | Found Giunwuin's Magic Scroll Emporium.
  5650 | D:6      | Bought a scroll of identify for 22 gold pieces
  5650 | D:6      | Bought a scroll of identify for 22 gold pieces
  5650 | D:6      | Bought a scroll of identify for 22 gold pieces
  5650 | D:6      | Bought a scroll of identify for 22 gold pieces
  6419 | D:7      | Mangled by an ogre

Illustrated notes

Levels and vault maps discovered:
D:1:      psy_arrival_heroes, layout_basic
D:2:      layout_basic, shapermc_ecumenical_altar_hornbeckon,
          serial_co_window_serial, co_window_of_opportunity_a,
          co_window_corner_a, co_window_paths_b, co_window_of_opportunity_a,
          co_window_corner_a, co_window_corner_a, co_window_corner_a,
          co_window_broadway_b, co_window_2corner, co_window_corner_ca,
          co_window_unsneaky_path_b, co_window_unsneaky_path_b,
          co_window_broadway_b, glass_columns_b, uniq_robin
D:3:      layout_loops_ring, mainiacjoe_overflow_chevrons,
          mainiacjoe_overflow_tiny_flanked
D:4:      layout_loops_cross, temple_green, minmay_misc_feat_alley
D:5:      layout_rooms
D:6:      layout_loops_ring, serial_shops, shop_statue, nicolae_shop_rolled_up,
          nicolae_shop_mannequins, serial_glass, glass_columns_a,
          glass_columns_a
D:7:      layout_basic, nicolae_ashenzari_panopticon,
          nicolae_shop_i_like_big_books
Temple:   hellmonk_temple_divided_pantheon

Skill      XL: |  1  2  3  4  5  6  7  8  9 |
---------------+----------------------------+-----
Polearms       | 5 6 8 10 12 14 | 14.5
Armour         | 1 2 |  2.0
Fighting       | 4 |  4.0
Throwing       | 3 |  3.5
Dodging        | 5 |  5.7

Action                     |  1- 3 |  4- 6 |  7- 9 || total
---------------------------+-------+-------+-------++-------
  Melee: Trident           |     5 |       |       ||     5
         Spear             |    78 |   126 |   311 ||   515
    Use: Scroll            |       |     7 |    10 ||    17
         Potion            |       |       |     2 ||     2
   Stab: Sleeping          |     2 |     2 |     1 ||     5
 Armour: Leather armour    |    31 |    63 |    75 ||   169
         Plate armour      |       |       |    28 ||    28
  Dodge: Dodged            |    47 |    81 |    94 ||   222

Table legend: (Time is in decaauts)
 A = Elapsed time spent in this place.
 B = Non-inter-level travel time spent in this place.
 C = Inter-level travel time spent in this place.
 D = Time resting spent in this place.
 E = Time spent auto-exploring this place.
 F = Levels seen in this place.
 G = Mean time per level.
                   A        B        C        D        E       F      G
               +--------+--------+--------+--------+--------+-----+--------+
         Total |   6269 |   5835 |    434 |    706 |   4197 |   8 |  783.6 |
       Dungeon |   6232 |   5798 |    434 |    706 |   4197 |   7 |  890.3 |
        Temple |     36 |     36 |      0 |      0 |      0 |   1 |   36.0 |
               +--------+--------+--------+--------+--------+-----+--------+

Top non-repeatable levels by time:
     D:2: 1224 daAuts
     D:4: 1219 daAuts
     D:6: 1179 daAuts
     D:5: 892 daAuts
     D:3: 786 daAuts
     D:1: 708 daAuts
     D:7: 220 daAuts
  Temple: 36 daAuts
